 Dungeon Crawl Stone Soup version 0.22.1-2-g9c5b331 (webtiles) character file.

525 Fang the Chopper (level 7, 0/44 HPs)
             Began as a Gargoyle Berserker on Dec 3, 2018.
             Was a Priest of Trog.
             Slain by an iguana (5 damage)
             ... on level 4 of the Dungeon.
             The game lasted 00:04:12 (2847 turns).

Fang the Chopper (Gargoyle Berserker)               Turns: 2847, Time: 00:04:12

Health: 0/44       AC: 12    Str: 22    XL:     7   Next: 23%
Magic:  7/7        EV: 13    Int:  8    God:    Trog [***...]
Gold:   89         SH:  0    Dex:  9    Spells: 6/6 levels left

rFire    . . .     SeeInvis +   a - +0 hand axe
rCold    . . .     Gourm    .   (no shield)
rNeg     + . .     Faith    .   b - +0 animal skin
rPois    ∞         Spirit   .   (no helmet)
rElec    +         Reflect  .   e - +1 cloak
rCorr    .         Harm     .   k - +2 pair of gloves
MR       .....                  (no boots)
Stlth    +.........             (no amulet)
HPRegen  0.14/turn              j - ring of see invisible
MPRegen  0.10/turn              (no ring)

@: no status effects
A: negative energy resistance 1, electricity resistance, unbreathing,
petrification resistance, rot immunity, AC +4
a: Berserk, Trog's Hand, Renounce Religion


You were on level 4 of the Dungeon.
You worshipped Trog.
Trog was most pleased with you.
You were not hungry.

You visited 1 branch of the dungeon, and saw 4 of its levels.

You collected 89 gold pieces.

Inventory:

Hand Weapons
 a - a +0 hand axe (weapon)
Armour
 b - a +0 animal skin (worn)
 e - a +1 cloak (worn)
 k - a +2 pair of gloves (worn)
Jewellery
 j - a ring of see invisible (left hand)
Scrolls
 f - a scroll of enchant weapon {unknown}
 g - a scroll of amnesia {unknown}
 h - 6 scrolls of identify {unknown}
 m - 2 scrolls of remove curse {unknown}
 n - 3 scrolls of teleportation {unknown}
 q - a scroll of noise {unknown}
 r - a scroll of enchant armour {unknown}
 s - a scroll of fear {unknown}
 u - a scroll of fog {unknown}
Potions
 d - a potion of might {unknown}
 i - 4 potions of mutation {unknown}
 l - 2 potions of agility {unknown}
 o - a potion of experience {unknown}
 p - a potion of cancellation {unknown}
 t - a potion of curing {unknown}
 v - a potion of brilliance {unknown}
Comestibles
 c - 5 rations


   Skills:
 + Level 5.2 Fighting
 + Level 5.5 Axes
 + Level 2.4 Armour
 + Level 3.1 Dodging
 + Level 0.5 Stealth


You had 6 spell levels left.
You didn't know any spells.
Your spell library was empty.

Dungeon Overview and Level Annotations

Branches:
Dungeon (4/15)
 Temple: D:4-7

Altars:
Elyvilon


Innate Abilities, Weirdness & Mutations

You are resistant to torment.
Your stone body is resilient. (AC +4)
You are immune to poison.
You resist negative energy. (rN+)
You are resistant to electric shocks. (rElec)
You can survive without breathing.
You are immune to petrification.
You are immune to rotting.


Message History

You hit the iguana but do no damage.
The iguana is severely wounded.
The iguana bites you.
You closely miss the iguana.
The iguana is severely wounded.
The iguana bites you but does no damage.
You hit the iguana but do no damage.
The iguana is severely wounded.
The iguana closely misses you.
You hit the iguana.
The iguana is almost dead.
The iguana barely misses you.
You barely miss the iguana.
The iguana is almost dead.
The iguana bites you!
* * * LOW HITPOINT WARNING * * *
You completely miss the iguana.
The iguana is almost dead.
The iguana bites you.
You die...

##. .... (..###..##
#........### #........)
#........ ##.......# ..
........l# .#
........@# ##.# ..
.........# #..# #..
...#....### ##..####...
. .###....###..........
......................
........#...........#
....###+#####.......###
.... ##......... #..
####.###.....


You could see an iguana.

Vanquished Creatures
  A phantom (D:4)
  A scorpion (D:4)
  A hound (D:4)
  A bullfrog skeleton (D:3)
  A centaur skeleton (D:4)
  Jessica (D:2)
  Natasha (thrice) (D:2)
  An iguana (D:4)
  3 gnolls (D:2)
  7 adders
  An ooze (D:2)
  3 worms
  2 dart slugs
  6 leopard geckos
  An orc (D:3)
  5 giant cockroaches
  9 goblins
  7 hobgoblins
  2 jackals (D:3)
  7 kobolds
  4 ball pythons (D:3)
  6 bats
  3 frilled lizards
  6 rats
82 creatures vanquished.

Notes
Turn   | Place    | Note
-------+----------+-------------------------------------------
     0 | D:1      | Fang the Gargoyle Berserker began the quest for the Orb.
     0 | D:1      | Reached XP level 1. HP: 14/14 MP: 1/1
   118 | D:1      | Reached XP level 2. HP: 13/19 MP: 2/2
   665 | D:2      | Reached XP level 3. HP: 24/24 MP: 3/3
   671 | D:2      | Reached XP level 4. HP: 29/29 MP: 4/4
   727 | D:2      | Noticed Natasha
   738 | D:2      | Killed Natasha
   738 | D:2      | Reached ** piety under Trog
   748 | D:2      | Noticed Natasha
   755 | D:2      | Killed Natasha
   755 | D:2      | Reached XP level 5. HP: 25/34 MP: 5/5
   761 | D:2      | Noticed Natasha
   775 | D:2      | Killed Natasha
  1125 | D:2      | Noticed Jessica
  1134 | D:2      | Killed Jessica
  1578 | D:3      | Reached XP level 6. HP: 32/39 MP: 6/6
  1758 | D:3      | Found a white marble altar of Elyvilon.
  1802 | D:3      | Reached *** piety under Trog
  1949 | D:3      | Found a faded altar of an unknown god.
  2337 | D:4      | Noticed a phantom
  2422 | D:4      | Killed a phantom
  2422 | D:4      | Reached skill level 5 in Fighting
  2422 | D:4      | Reached skill level 5 in Axes
  2422 | D:4      | Reached XP level 7. HP: 7/44 MP: 7/7
  2847 | D:4      | Slain by an iguana

Skill      XL: |  1  2  3  4  5  6 |
---------------+-------------------+-----
Axes           | 3 4 5 |  5.5
Fighting       | 4 5 |  5.2
Dodging        | 2 3 |  3.1
Armour         | |  2.4
Stealth        | |  0.5

Action                   |  1- 3 |  4- 6 |  7- 9 || total
-------------------------+-------+-------+-------++-------
Melee: Hand axe          |    55 |   231 |    36 ||   322
Invok: Berserk           |     1 |     1 |       ||     2
  Eat: Chunk             |       |     6 |       ||     6
       Ration            |       |       |     1 ||     1
Armor: Animal skin       |    14 |   112 |     9 ||   135
Dodge: Dodged            |    38 |   159 |    15 ||   212
